AoeStats
← ITA | MarknighT

Arabian Desert

509312550Analyzed
1v1 RM · 6d ago on Sep 26, 2026· 37m 24s· 2 players
Game mode
Random Map
Map size
Tiny (2 player)
Population
200
Speed
Normal
Resources
Standard
Victory
Conquest
Starting age
Dark Age
Ending age
Imperial Age
RankedLock teamsTeams togetherTeam positionsShared explorationLock speedFull tech treeHidden civsTurbo modeCheats
Victory
Defeat
🇮🇹 Magyars · Italy
1947
+13
🇹🇷 Malay · Türkiye
1886
-13
koteshii
7:29 Loom
9:33 Feudal Age
9:10 Man-at-Arms
15:49 Fletching
20:46 Double-Bit Axe
24:21 Castle Age
23:26 Crossbowman
34:29 Wheelbarrow
ITA | MarknighT
5:38 Loom
8:10 Feudal Age
8:57 Double-Bit Axe
23:13 Castle Age
21:40 Fletching
24:18 Bow Saw
23:59 Gold Mining
24:15 Bodkin Arrow
24:29 Elite Skirmisher
27:54 Wheelbarrow
28:38 Scale Barding Armor
31:05 Chain Barding Armor
31:41 Bloodlines
33:26 Husbandry
36:30 Padded Archer Armor
Connection lost

Rejoining the realm…

Still unreachable

The connection could not be restored.

Session expired

The server has moved on; the page needs a fresh start.